[Event "ICC tourney 2259 (45 10)"]
[Site "Internet Chess Club"]
[Date "2020.12.30"]
[Round "2"]
[White "chessw23"]
[Black "BBCC2020"]
[Result "1/2-1/2"]
[ICCResult "Game drawn by mutual agreement"]
[WhiteElo "1961"]
[BlackElo "2193"]
[Opening "Sicilian: Alapin's variation (2.c3)"]
[ECO "B22"]
[NIC "SI.46"]
[Time "13:31:44"]
[PlyCount "38"]
[TimeControl "2700+10"]

1. e4 c5 2. c3 d5 3. exd5 Qxd5 4. d4 g6 5. Nf3 Bg7 6. Be3 cxd4 7. cxd4 Nf6
8. Nc3 Qa5 9. Bc4 O-O 10. O-O Nbd7 11. Qe2 Nb6 12. Bb3 e6 13. Rac1 Nbd5 14.
Nxd5 Nxd5 15. Rc5 Qd8 16. Bxd5 exd5 17. Qb5 Be6 18. Qxb7 Rb8 19. Qxa7 Rxb2
{ Game drawn by mutual agreement } 1/2-1/2

[Event "ICC tourney 2259 (45 10)"]
[Site "Internet Chess Club"]
[Date "2020.12.30"]
[Round "2"]
[White "RG2017"]
[Black "MrNormalName"]
[Result "0-1"]
[ICCResult "White resigns"]
[WhiteElo "1989"]
[BlackElo "2181"]
[Opening "Nimzo-Indian: classical variation"]
[ECO "E32"]
[NIC "NI.20"]
[Time "13:32:37"]
[PlyCount "46"]
[TimeControl "2700+10"]

1. d4 Nf6 2. c4 e6 3. Nc3 Bb4 4. Qc2 O-O 5. a3 Bxc3+ 6. Qxc3 b6 7. Bg5 d5
8. cxd5 exd5 9. e3 Nbd7 10. Rc1 c5 11. dxc5 bxc5 12. Bxf6 Qxf6 13. Qxf6
gxf6 14. Bb5 Rb8 15. Bxd7 Bxd7 16. Rc2 Rb5 17. Nf3 Bf5 18. Rd2 Be4 19. Nh4
c4 20. f3 Bd3 21. Kd1 Rfb8 22. Kc1 Rb3 23. g4 Rxa3 { White resigns } 0-1

[Event "ICC tourney 2259 (45 10)"]
[Site "Internet Chess Club"]
[Date "2020.12.30"]
[Round "2"]
[White "Pifischer"]
[Black "Markss1420"]
[Result "1/2-1/2"]
[ICCResult "Game drawn by repetition"]
[WhiteElo "1976"]
[BlackElo "2108"]
[Opening "French: MacCutcheon, Dr. Olland (Dutch) variation"]
[ECO "C12"]
[NIC "FR.05"]
[Time "13:31:44"]
[PlyCount "163"]
[TimeControl "2700+10"]

1. e4 e6 2. d4 d5 3. Nc3 Nf6 4. Bg5 Bb4 5. e5 h6 6. Bc1 Ne4 7. Qg4 Kf8 8.
Ne2 c5 9. Be3 cxd4 10. Bxd4 Nc6 11. O-O-O Nxd4 12. Nxe4 Nxe2+ 13. Qxe2 Bd7
14. Nd6 Bxd6 15. exd6 Bc6 16. Qe5 Qg5+ 17. f4 Qxe5 18. fxe5 Ke8 19. Bd3 Kd7
20. Rhf1 Rhf8 21. Rf2 f6 22. Rdf1 Rg8 23. exf6 gxf6 24. Rxf6 Kxd6 25. g3 h5
26. Rh6 Rg5 27. Rff6 Re5 28. Bg6 Be8 29. Rf8 Ke7 30. Rhh8 Bxg6 31. Rxa8
Re1+ 32. Kd2 Rh1 33. Ke3 a6 34. Rab8 Rxh2 35. Rxb7+ Kf6 36. c3 Rg2 37. Ra7
Ke5 38. Rxa6 Rxb2 39. Rh6 Kf5 40. a4 Rg2 41. Kf3 Rc2 42. Rxg6 Rxc3+ 43. Kf2
Kxg6 44. Rxe6+ Kf5 45. Rh6 Kg4 46. Rg6+ Kf5 47. Rh6 Kg5 48. Rd6 Rc5 49. Rd8
Ra5 50. Kf3 Kf6 51. Rh8 d4 52. Ke4 Kg5 53. Rg8+ Kf6 54. Kxd4 Rxa4+ 55. Ke3
Kf5 56. Kf3 Ra3+ 57. Kg2 Ra4 58. Kh3 Rg4 59. Rxg4 hxg4+ 60. Kh4 Kf6 61.
Kxg4 Kg6 62. Kf4 Kf6 63. g4 Kg6 64. g5 Kg7 65. Kg4 Kg6 66. Kf4 Kg7 67. Kf5
Kf7 68. g6+ Kg7 69. Kg5 Kg8 70. Kg4 Kg7 71. Kh5 Kg8 72. Kh6 Kh8 73. Kg5 Kg7
74. Kf5 Kg8 75. Ke6 Kg7 76. Kf5 Kg8 77. Kg5 Kg7 78. Kf5 Kg8 79. Kg5 Kg7 80.
Kh5 Kg8 81. Kg4 Kg7 82. Kf5 { Game drawn by repetition } 1/2-1/2

[Event "ICC tourney 2259 (45 10)"]
[Site "Internet Chess Club"]
[Date "2020.12.30"]
[Round "2"]
[White "StayCalm"]
[Black "kooler2"]
[Result "0-1"]
[ICCResult "White resigns"]
[WhiteElo "2170"]
[BlackElo "2038"]
[Opening "QGD Slav: Dutch variation, main line"]
[ECO "D19"]
[NIC "SL.05"]
[Time "13:31:51"]
[PlyCount "84"]
[TimeControl "2700+10"]

1. d4 d5 2. c4 c6 3. Nc3 Nf6 4. Nf3 dxc4 5. a4 Bf5 6. e3 e6 7. Bxc4 Bb4 8.
O-O O-O 9. Qe2 c5 10. Rd1 Bg4 11. d5 exd5 12. Nxd5 Nxd5 13. Bxd5 Qc7 14.
Qc4 Bh5 15. b3 Nd7 16. Bb2 Nb6 17. Qh4 Bg6 18. Be5 Qc8 19. Be4 Bxe4 20.
Qxe4 f6 21. Bd6 Re8 22. Qf4 Qe6 23. a5 Nd5 24. Qc4 Nc3 25. Rf1 Rad8 26. Bg3
Qxc4 27. bxc4 Ne2+ 28. Kh1 Nxg3+ 29. hxg3 Rd3 30. Rfc1 Re6 31. g4 Ra6 32.
Rd1 Rxa5 33. Rxd3 Rxa1+ 34. Kh2 a5 35. e4 a4 36. e5 a3 37. e6 Kf8 38. Nh4
g6 39. Rd7 Re1 40. Rxh7 Rxe6 41. Nxg6+ Ke8 42. Rxb7 Ra6 { White resigns }
0-1

[Event "ICC tourney 2259 (45 10)"]
[Site "Internet Chess Club"]
[Date "2020.12.30"]
[Round "2"]
[White "Volkov"]
[Black "BranKing"]
[Result "1-0"]
[ICCResult "Black resigns"]
[WhiteElo "2607"]
[BlackElo "2102"]
[Opening "Dutch"]
[ECO "A80"]
[NIC "HD.12"]
[Time "13:31:42"]
[PlyCount "63"]
[TimeControl "2700+10"]

1. d4 f5 2. Bf4 e6 3. e3 Nf6 4. c4 b6 5. Nc3 Bb7 6. Nf3 Bd6 7. Bxd6 cxd6 8.
Be2 Nc6 9. O-O O-O 10. Rc1 Ne7 11. b4 Ng6 12. c5 Ne4 13. cxd6 Nxd6 14. Ne5
Nh4 15. g3 Ng6 16. Nb5 Nxb5 17. Bxb5 Nxe5 18. dxe5 Bd5 19. Bc4 Bb7 20. Qd6
Bf3 21. Bb5 Rf7 22. Rc7 Qg5 23. Rxd7 Qh6 24. Bc6 Rxd7 25. Qxd7 Bxc6 26.
Qxc6 Rf8 27. Rd1 g5 28. Rd6 f4 29. exf4 gxf4 30. Rxe6 fxg3 31. Rxh6 gxf2+
32. Kf1 { Black resigns } 1-0

[Event "ICC tourney 2259 (45 10)"]
[Site "Internet Chess Club"]
[Date "2020.12.30"]
[Round "2"]
[White "Aleksandrov73"]
[Black "erickzhao"]
[Result "1-0"]
[ICCResult "Black resigns"]
[WhiteElo "2629"]
[BlackElo "2296"]
[Opening "Grünfeld: Grünfeld gambit, Capablanca variation"]
[ECO "D83"]
[NIC "GI.03"]
[Time "13:32:37"]
[PlyCount "77"]
[TimeControl "2700+10"]

1. d4 Nf6 2. c4 g6 3. Nc3 d5 4. Bf4 Bg7 5. e3 O-O 6. Rc1 c6 7. Nf3 Bf5 8.
Qb3 Qb6 9. Qxb6 axb6 10. cxd5 Nxd5 11. Nxd5 cxd5 12. a3 Nc6 13. Bb5 Rfc8
14. Ke2 Na5 15. Nd2 Be6 16. Bc7 Nc4 17. Nxc4 dxc4 18. Bxb6 c3 19. bxc3 Rxa3
20. c4 Ra2+ 21. Kf3 Rb2 22. Rhd1 Ra8 23. Rb1 Rc2 24. Rdc1 Rd2 25. Ra1 Rc8
26. Ba5 Rb2 27. Bc3 Rb3 28. Ba4 Rb6 29. Ba5 Ra6 30. Bb5 Ra7 31. Bb4 Rxa1
32. Rxa1 h5 33. Bxe7 Bxc4 34. Bxc4 Rxc4 35. Ra8+ Kh7 36. d5 Rc7 37. d6 Rd7
38. Rd8 Rxd8 39. Bxd8 { Black resigns } 1-0

[Event "ICC tourney 2259 (45 10)"]
[Site "Internet Chess Club"]
[Date "2020.12.30"]
[Round "2"]
[White "KnightHawk8"]
[Black "edmehu"]
[Result "1-0"]
[ICCResult "Black resigns"]
[WhiteElo "2014"]
[BlackElo "2212"]
[Opening "Sicilian: Alapin's variation (2.c3)"]
[ECO "B22"]
[NIC "SI.47"]
[Time "13:32:11"]
[PlyCount "63"]
[TimeControl "2700+10"]

1. e4 c5 2. c3 Nf6 3. e5 Nd5 4. d4 cxd4 5. Nf3 Nc6 6. cxd4 d6 7. Bc4 dxe5
8. dxe5 Ndb4 9. Qxd8+ Nxd8 10. Na3 Be6 11. O-O Bxc4 12. Nxc4 Rc8 13. b3 g6
14. Rd1 Bg7 15. Bb2 Ne6 16. a3 Nc6 17. Rac1 Bh6 18. Rc2 O-O 19. Ncd2 Nxe5
20. Rxc8 Nxf3+ 21. Nxf3 Rxc8 22. g3 Rc2 23. Ba1 f6 24. Re1 Kf7 25. Rxe6 Ra2
26. Re1 Rxa3 27. Rb1 e5 28. Bc3 a5 29. Nd2 b5 30. Bb2 Ra2 31. Ne4 Ke6 32.
Nc3 { Black resigns } 1-0

[Event "ICC tourney 2259 (45 10)"]
[Site "Internet Chess Club"]
[Date "2020.12.30"]
[Round "2"]
[White "LucasFY2007"]
[Black "JonnyTurgi"]
[Result "1-0"]
[ICCResult "Black resigns"]
[WhiteElo "1929"]
[BlackElo "2087"]
[Opening "Caro-Kann: advance variation"]
[ECO "B12"]
[NIC "CK.04"]
[Time "13:31:43"]
[PlyCount "121"]
[TimeControl "2700+10"]

1. e4 c6 2. d4 d5 3. e5 Bf5 4. h4 h5 5. Nf3 e6 6. c4 Bg4 7. cxd5 cxd5 8.
Nc3 Nc6 9. Bg5 Qb6 10. Bb5 Ne7 11. Qd3 a6 12. Ba4 Rc8 13. O-O Nf5 14. Ne2
Bxf3 15. gxf3 Be7 16. Bxe7 Kxe7 17. Bxc6 Rxc6 18. Qd2 f6 19. Qf4 Rc2 20.
Ng3 Nxg3 21. Qxg3 Kf7 22. Rac1 Rhc8 23. Rxc2 Rxc2 24. exf6 gxf6 25. Qf4 Rc4
26. Qh6 Qxd4 27. Qxh5+ Kg7 28. Re1 e5 29. Qf5 Qxh4 30. Qd7+ Kg6 31. Qxd5
Qg5+ 32. Kf1 b5 33. Qg8+ Kf5 34. Qh7+ Ke6 35. Rd1 Rd4 36. Rxd4 exd4 37.
Qe4+ Qe5 38. Qc6+ Qd6 39. Qe4+ Qe5 40. Qc6+ Qd6 41. Qe4+ Kd7 42. Qb7+ Kd8
43. Qa8+ Ke7 44. Qe4+ Kf8 45. Ke2 Qc5 46. a3 Qc4+ 47. Kd2 b4 48. Qa8+ Kg7
49. Qb7+ Kg6 50. Qxb4 Qxb4+ 51. axb4 Kf5 52. Kd3 Kf4 53. Kxd4 Kxf3 54. Kc5
f5 55. Kb6 Kxf2 56. Kxa6 Ke3 57. b5 f4 58. b6 f3 59. b7 f2 60. b8=Q f1=Q+
61. Qb5 { Black resigns } 1-0

[Event "ICC tourney 2259 (45 10)"]
[Site "Internet Chess Club"]
[Date "2020.12.30"]
[Round "2"]
[White "e4f5"]
[Black "TjkTiger"]
[Result "0-1"]
[ICCResult "White resigns"]
[WhiteElo "2253"]
[BlackElo "2602"]
[Opening "Sicilian: Hungarian variation"]
[ECO "B34"]
[NIC "SI.43"]
[Time "13:32:37"]
[PlyCount "76"]
[TimeControl "2700+10"]

1. e4 c5 2. Nf3 g6 3. d4 cxd4 4. Nxd4 Bg7 5. Nc3 Nc6 6. Nb3 Nf6 7. Be2 O-O
8. O-O a6 9. a4 d6 10. Kh1 Be6 11. Bg5 h6 12. Bh4 g5 13. Bg3 d5 14. Nc5
dxe4 15. Nxe6 Qxd1 16. Raxd1 fxe6 17. Bc4 Kf7 18. Bb3 Rad8 19. Bc7 Rxd1 20.
Rxd1 Rc8 21. Bb6 Nb4 22. Bd4 Rd8 23. Bc5 Rxd1+ 24. Nxd1 Nbd5 25. Ne3 Nd7
26. Ba7 Nxe3 27. Bxe3 Bxb2 28. h4 gxh4 29. Kh2 Ba3 30. Kh3 Bc5 31. Kxh4
Bxe3 32. fxe3 Nf6 33. g4 Nd5 34. g5 Nxe3 35. gxh6 Nf5+ 36. Kg5 e3 37. Bxe6+
Kxe6 38. h7 Nd6 { White resigns } 0-1

[Event "ICC tourney 2259 (45 10)"]
[Site "Internet Chess Club"]
[Date "2020.12.30"]
[Round "2"]
[White "vedrau"]
[Black "helavir"]
[Result "0-1"]
[ICCResult "White checkmated"]
[WhiteElo "2042"]
[BlackElo "2626"]
[Opening "QGA: 4...e6"]
[ECO "D26"]
[NIC "QG.05"]
[Time "13:32:20"]
[PlyCount "66"]
[TimeControl "2700+10"]

1. d4 d5 2. c4 dxc4 3. Nf3 e6 4. e3 Nf6 5. Bxc4 a6 6. O-O b5 7. Bd3 Bb7 8.
Nc3 c5 9. Qe2 Nbd7 10. Rd1 Qb8 11. e4 cxd4 12. Nxd4 Bd6 13. h3 O-O 14. a3
Rd8 15. Nf3 Ne5 16. Bc2 Qc7 17. Bg5 h6 18. Bxf6 gxf6 19. Bb3 Ng6 20. Nd4
Bc5 21. Nf3 Nf4 22. Qf1 Kh8 23. g3 Rg8 24. Kh2 Nh5 25. Ne2 Bxe4 26. Nh4 Rg7
27. Rac1 Rag8 28. Rc3 Qb6 29. Rxc5 Qxc5 30. Nc3 Ba8 31. Qe2 Nxg3 32. fxg3
Rxg3 33. Rd2 Qg1# { White checkmated } 0-1

[Event "ICC tourney 2259 (45 10)"]
[Site "Internet Chess Club"]
[Date "2020.12.30"]
[Round "2"]
[White "mentosandcoke"]
[Black "marble"]
[Result "0-1"]
[ICCResult "White resigns"]
[WhiteElo "1931"]
[BlackElo "2537"]
[Opening "Robatsch (modern) defense"]
[ECO "A40"]
[NIC "KF.05"]
[Time "13:31:44"]
[PlyCount "64"]
[TimeControl "2700+10"]

1. d4 g6 2. e4 Bg7 3. c4 c5 4. d5 d6 5. Nf3 e6 6. Be2 Nf6 7. Nc3 O-O 8. O-O
Re8 9. Bd3 exd5 10. exd5 Bg4 11. h3 Bxf3 12. Qxf3 Nbd7 13. Bf4 Ne5 14. Bxe5
Rxe5 15. Rab1 Qa5 16. a3 a6 17. Rfc1 Rae8 18. Bf1 Nd7 19. Qd1 h5 20. b4 Qd8
21. Na4 b6 22. bxc5 bxc5 23. Qc2 h4 24. Rb7 Re1 25. Qb1 Rxc1 26. Qxc1 Bd4
27. Qf4 Re5 28. Nb6 Rf5 29. Qxd6 Bxf2+ 30. Kh1 Bg3 31. Bd3 Bxd6 32. Bxf5
Nxb6 { White resigns } 0-1

[Event "ICC tourney 2259 (45 10)"]
[Site "Internet Chess Club"]
[Date "2020.12.30"]
[Round "2"]
[White "kunalsh"]
[Black "woochess"]
[Result "0-1"]
[ICCResult "White forfeits on time"]
[WhiteElo "2054"]
[BlackElo "2595"]
[Opening "Sicilian defense"]
[ECO "B40"]
[NIC "SI.43"]
[Time "13:31:43"]
[PlyCount "56"]
[TimeControl "2700+10"]

1. e4 c5 2. Nf3 e6 3. c3 d5 4. e5 d4 5. d3 Nc6 6. Be2 Nge7 7. O-O Ng6 8.
cxd4 cxd4 9. Qa4 Bd7 10. Nxd4 Ngxe5 11. Be3 Be7 12. Nc3 O-O 13. a3 Nxd4 14.
Qxd4 Bf6 15. Qb4 Bc6 16. Ne4 Be7 17. Qd2 Nd7 18. Rac1 Nf6 19. Bf3 Nd5 20.
Bc5 Bxc5 21. Nxc5 Qe7 22. d4 Rac8 23. Rfe1 Nf6 24. d5 Rfd8 25. Nb3 Nxd5 26.
Bxd5 Qf6 27. Qe3 Rxd5 28. Qxa7 Rg5 { White forfeits on time } 0-1

[Event "ICC tourney 2259 (45 10)"]
[Site "Internet Chess Club"]
[Date "2020.12.30"]
[Round "2"]
[White "hoshibosh"]
[Black "kurumania"]
[Result "0-1"]
[ICCResult "White forfeits on time"]
[WhiteElo "2151"]
[BlackElo "2514"]
[Opening "Sicilian: modern Scheveningen"]
[ECO "B44"]
[NIC "SI.22"]
[Time "13:31:53"]
[PlyCount "80"]
[TimeControl "2700+10"]

1. e4 c5 2. Nf3 e6 3. d4 cxd4 4. Nxd4 Nc6 5. Be2 Nf6 6. Nc3 d6 7. O-O Be7
8. Be3 O-O 9. Kh1 Bd7 10. f4 Nxd4 11. Bxd4 Bc6 12. Bd3 Qc7 13. e5 dxe5 14.
fxe5 Nd7 15. Qg4 Nxe5 16. Bxh7+ Kxh7 17. Qh5+ Kg8 18. Bxe5 Qa5 19. Rae1 f6
20. Qg4 Bd7 21. Bg3 Rad8 22. Rd1 Bc8 23. h4 Qb4 24. Qxb4 Bxb4 25. Nb5 e5
26. a3 Bc5 27. c4 a5 28. Nc3 Be6 29. Na4 Bd4 30. Rc1 Rc8 31. c5 Bb3 32. Nb6
Rcd8 33. Be1 a4 34. Bb4 Bxb2 35. c6 bxc6 36. Rxc6 Rfe8 37. Rc7 e4 38. h5
Re5 39. g4 Rg5 40. Rf4 Be5 { White forfeits on time } 0-1

[Event "ICC tourney 2259 (45 10)"]
[Site "Internet Chess Club"]
[Date "2020.12.30"]
[Round "2"]
[White "jy2020"]
[Black "musk6868"]
[Result "1-0"]
[ICCResult "Black resigns"]
[WhiteElo "2227"]
[BlackElo "2066"]
[Opening "Sicilian: Taimanov (Bastrikov) variation"]
[ECO "B47"]
[NIC "SI.40"]
[Time "13:31:46"]
[PlyCount "87"]
[TimeControl "2700+10"]

1. e4 c5 2. Nf3 e6 3. d4 cxd4 4. Nxd4 Nc6 5. Nc3 Qc7 6. g3 a6 7. Bg2 Nf6 8.
O-O Be7 9. Re1 O-O 10. Be3 d6 11. a4 Rb8 12. h3 Na5 13. Qd3 Nc4 14. Bc1 Rd8
15. b3 Ne5 16. Qd2 Bd7 17. Bb2 b6 18. Qe2 Bc8 19. f4 Nc6 20. Nxc6 Qxc6 21.
e5 Qc5+ 22. Kh2 dxe5 23. fxe5 Nd5 24. Nxd5 exd5 25. Ba3 Qc7 26. Bxe7 Qxe7
27. Rad1 d4 28. Rd2 b5 29. axb5 Rxb5 30. Qf2 Rxe5 31. Red1 g6 32. Rxd4 Re8
33. R1d2 h5 34. c4 Re3 35. b4 Qxb4 36. Bc6 R8e7 37. Rd8+ Kg7 38. Rxc8 Qxc4
39. Rdd8 Re2 40. Rg8+ Kh6 41. Rh8+ Kg5 42. h4+ Kg4 43. Bf3+ Kf5 44. Bxe2+ {
Black resigns } 1-0

[Event "ICC tourney 2259 (45 10)"]
[Site "Internet Chess Club"]
[Date "2020.12.30"]
[Round "2"]
[White "SkyAngel"]
[Black "nreiner"]
[Result "1-0"]
[ICCResult "Black checkmated"]
[WhiteElo "2185"]
[BlackElo "2005"]
[Opening "Ruy Lopez: Berlin defense, Beverwijk variation"]
[ECO "C64"]
[NIC "RL.01"]
[Time "13:31:48"]
[PlyCount "139"]
[TimeControl "2700+10"]

1. e4 e5 2. Nf3 Nc6 3. Bb5 Bc5 4. O-O Nf6 5. d3 d6 6. c3 O-O 7. Bg5 Bg4 8.
Nbd2 h6 9. Be3 Bb6 10. Qe2 Ne7 11. h3 Bd7 12. Bc4 Ng6 13. Nh2 c6 14. Bb3 d5
15. exd5 Nxd5 16. Ne4 Ngf4 17. Bxf4 Nxf4 18. Qf3 Kh8 19. d4 f5 20. Nd6 Qg5
21. dxe5 Ng6 22. Kh1 Nxe5 23. Qe2 f4 24. Nf3 Nxf3 25. Qxf3 Be8 26. g4 Bg6
27. Rad1 Rad8 28. Rfe1 Qh4 29. Kg2 Rd7 30. Be6 Re7 31. Bf5 Rxe1 32. Rxe1
Qf6 33. Re6 Qd8 34. Bxg6 Qh4 35. Nf5 Qd8 36. Qxf4 Bc7 37. Qe4 Bb6 38. Qe5
Qd5+ 39. Qxd5 cxd5 40. Re8 Rxe8 41. Bxe8 Kg8 42. Kf3 Kf8 43. Bb5 Bc7 44.
Ne3 a6 45. Bd3 Bd6 46. Nxd5 Kf7 47. Ke4 Ke6 48. f4 g6 49. f5+ gxf5+ 50.
gxf5+ Kf7 51. b4 b5 52. c4 bxc4 53. Bxc4 a5 54. bxa5 Bc5 55. a6 Ke8 56.
Nc7+ Kd7 57. Nb5 Kc8 58. a7 Bxa7 59. Nxa7+ Kd7 60. Nb5 Ke7 61. a4 Kf6 62.
a5 Kg5 63. a6 h5 64. a7 Kh4 65. a8=Q Kxh3 66. Qa3+ Kh2 67. Qf3 h4 68. Bf1
h3 69. Qxh3+ Kg1 70. Qg2# { Black checkmated } 1-0

[Event "ICC tourney 2259 (45 10)"]
[Site "Internet Chess Club"]
[Date "2020.12.30"]
[Round "2"]
[White "manest"]
[Black "srohithkrishna"]
[Result "1-0"]
[ICCResult "Black forfeits on time"]
[WhiteElo "2709"]
[BlackElo "2354"]
[Opening "Nimzovich-Larsen attack: Indian variation"]
[ECO "A01"]
[NIC "VO.08"]
[Time "13:31:51"]
[PlyCount "125"]
[TimeControl "2700+10"]

1. b3 Nf6 2. Bb2 e6 3. Nf3 Be7 4. c4 b6 5. g3 Bb7 6. Bg2 c5 7. O-O O-O 8.
d4 cxd4 9. Qxd4 Nc6 10. Qf4 d5 11. Rd1 Qb8 12. Nbd2 Qxf4 13. gxf4 Rfd8 14.
Ne5 Rac8 15. Rac1 Kf8 16. Nd3 Nb4 17. Nxb4 Bxb4 18. Nf1 Ba6 19. Ne3 Nh5 20.
f5 Nf4 21. Bf1 dxc4 22. bxc4 exf5 23. Nxf5 Ne6 24. e3 g6 25. Nd4 Ke7 26. a3
Bc5 27. Nb5 Bxb5 28. cxb5 Rxd1 29. Rxd1 Rd8 30. Rxd8 Nxd8 31. Kg2 Nb7 32.
e4 f6 33. f4 Nd6 34. e5 fxe5 35. fxe5 Nf5 36. Kf3 Ne3 37. Bd3 Nd1 38. Bc1
Ke6 39. Kf4 Bg1 40. Bc4+ Ke7 41. h4 Bf2 42. Kg5 Ne3 43. Bg8 Nf5 44. h5 Ng7
45. hxg6 hxg6 46. Kxg6 Ne6 47. a4 Bd4 48. Kf5 Nc5 49. Bg5+ Kf8 50. Bd5 Nxa4
51. Kf6 Nc5 52. Bh6+ Ke8 53. Bf7+ Kd8 54. Kf5 Ke7 55. Bc4 Na4 56. Ke4 Bc5
57. Bg5+ Kd7 58. e6+ Ke8 59. Kd5 Be7 60. Bf4 Kd8 61. Kc6 Nb2 62. Be2 Bc5
63. Be5 { Black forfeits on time } 1-0

[Event "ICC tourney 2259 (45 10)"]
[Site "Internet Chess Club"]
[Date "2020.12.30"]
[Round "2"]
[White "MiamiDude"]
[Black "superind"]
[Result "0-1"]
[ICCResult "White resigns"]
[WhiteElo "2415"]
[BlackElo "2710"]
[Opening "Nimzo-Indian: Fischer variation"]
[ECO "E43"]
[NIC "NI.12"]
[Time "13:31:52"]
[PlyCount "178"]
[TimeControl "2700+10"]

1. d4 Nf6 2. c4 e6 3. Nc3 Bb4 4. e3 b6 5. Bd2 Bb7 6. Nf3 O-O 7. Bd3 Bxc3 8.
Bxc3 Ne4 9. Rc1 f5 10. O-O d6 11. Nd2 Nxc3 12. Rxc3 Nd7 13. f3 c5 14. Qe2
Qf6 15. Qf2 Rac8 16. Nb3 a5 17. Bc2 Ba6 18. dxc5 Nxc5 19. Nxc5 Rxc5 20. Rd1
Bxc4 21. Rxd6 Bxa2 22. Rxc5 bxc5 23. Rb6 Rd8 24. h4 h6 25. Rb5 c4 26. e4
fxe4 27. Bxe4 Rd1+ 28. Kh2 Qf4+ 29. g3 Qd2 30. Qxd2 Rxd2+ 31. Kh3 Kf7 32.
Rxa5 Rxb2 33. Rc5 Ke7 34. Rc6 Kd7 35. Kg4 Rb5 36. f4 Bb3 37. Kf3 Bd1+ 38.
Ke3 Rb3+ 39. Kd2 Bf3 40. Rxc4 Bxe4 41. Rxe4 Rxg3 42. Ra4 Ke7 43. Ra7+ Kf6
44. h5 Rf3 45. Ra4 Kf5 46. Ra7 Rxf4 47. Rxg7 Rh4 48. Rf7+ Kg5 49. Ke3 Rxh5
50. Ke4 Rh1 51. Rg7+ Kf6 52. Rh7 Rh4+ 53. Kf3 h5 54. Rh8 Ke5 55. Ra8 Rh3+
56. Kg2 Rh4 57. Kf3 Rf4+ 58. Ke3 Rf5 59. Rh8 Rg5 60. Kf3 Kd4 61. Ra8 Rf5+
62. Kg3 Rg5+ 63. Kf4 Rc5 64. Ra4+ Kd3 65. Ra3+ Rc3 66. Ra5 Rc4+ 67. Kf3 h4
68. Re5 Rc6 69. Rh5 Rc4 70. Re5 Rc6 71. Rh5 Rc8 72. Rxh4 Rf8+ 73. Kg3 Ke3
74. Kg2 e5 75. Rh3+ Ke2 76. Ra3 Rg8+ 77. Kh2 e4 78. Ra2+ Kf3 79. Ra7 e3 80.
Rf7+ Ke2 81. Ra7 Kf2 82. Rf7+ Ke1 83. Kh3 e2 84. Ra7 Rg1 85. Kh2 Rg5 86.
Kh3 Kf2 87. Rf7+ Ke3 88. Re7+ Kf3 89. Kh4 Rg4+ { White resigns } 0-1

[Event "ICC tourney 2259 (45 10)"]
[Site "Internet Chess Club"]
[Date "2020.12.30"]
[Round "2"]
[White "MiamiBoy"]
[Black "Gukesh"]
[Result "0-1"]
[ICCResult "White resigns"]
[WhiteElo "2278"]
[BlackElo "2642"]
[Opening "Caro-Kann: advance variation"]
[ECO "B12"]
[NIC "CK.04"]
[Time "13:31:49"]
[PlyCount "124"]
[TimeControl "2700+10"]

1. e4 c6 2. d4 d5 3. e5 Bf5 4. Nf3 e6 5. Be2 Ne7 6. O-O Nd7 7. Nbd2 Ng6 8.
Nb3 f6 9. exf6 Qxf6 10. Be3 Bd6 11. c4 O-O 12. Rc1 Nf4 13. Bxf4 Bxf4 14.
Rc3 Qh6 15. g3 Bd6 16. Qd2 Qf6 17. Qg5 Qf7 18. c5 Bc7 19. Nh4 Bh3 20. Ng2
e5 21. Bg4 Bxg4 22. Qxg4 Rae8 23. Rc2 a5 24. Qd1 a4 25. Nc1 exd4 26. Qxd4
Re4 27. Qd1 Ne5 28. f4 Nd7 29. Nd3 Rd4 30. Qf3 Qf5 31. Nge1 Re8 32. b3 Ba5
33. Rcf2 Nf6 34. Ne5 Ne4 35. Re2 axb3 36. axb3 Nd2 37. Qf2 Nxb3 38. N1f3
Rb4 39. Nh4 Qf8 40. Nd7 Rxe2 41. Qxe2 Qf7 42. Ne5 Qe7 43. Nhf3 Nxc5 44. Kg2
Bc7 45. Qc2 Bxe5 46. Nxe5 Ra4 47. Rb1 Ra8 48. Qf5 Rf8 49. Qg4 Ne4 50. Qd7
Qxd7 51. Nxd7 Rd8 52. Rxb7 d4 53. Kf3 Nd6 54. Ra7 d3 55. Ne5 d2 56. Ke2 Ne4
57. Nd7 c5 58. Kd1 c4 59. Kc2 c3 60. Rb7 Nf2 61. Rb1 Rxd7 62. Kxc3 d1=Q {
White resigns } 0-1

[Event "ICC tourney 2259 (45 10)"]
[Site "Internet Chess Club"]
[Date "2020.12.30"]
[Round "3"]
[White "Drachekokosnuss"]
[Black "CoolBoy2020"]
[Result "0-1"]
[ICCResult "White resigns"]
[WhiteElo "2100"]
[BlackElo "2185"]
[Opening "Sicilian: Kan, 5.Nc3"]
[ECO "B43"]
[NIC "SI.41"]
[Time "16:01:48"]
[PlyCount "62"]
[TimeControl "2700+10"]

1. e4 c5 2. Nf3 e6 3. d4 cxd4 4. Nxd4 a6 5. Nc3 Qc7 6. g3 Nf6 7. Bg2 Bc5 8.
O-O O-O 9. Nb3 Be7 10. Bf4 d6 11. Qd2 Nc6 12. Rad1 Rd8 13. h3 Ne5 14. Bxe5
dxe5 15. Qe3 b5 16. a3 Bb7 17. Qe2 Rdc8 18. Rd2 Bxa3 19. Nxb5 axb5 20. bxa3
Rxa3 21. Qxb5 Ba6 22. Qb4 Bxf1 23. Qxa3 Bxg2 24. Kxg2 Nxe4 25. Re2 Nc3 26.
Rd2 Nb1 27. Qd6 Nxd2 28. Qxc7 Rxc7 29. Nxd2 Rxc2 30. Ne4 Rc6 31. Nd6 Rxd6 {
White resigns } 0-1

[Event "ICC tourney 2259 (45 10)"]
[Site "Internet Chess Club"]
[Date "2020.12.30"]
[Round "3"]
[White "superind"]
[Black "YKQ"]
[Result "1/2-1/2"]
[ICCResult "Game drawn by repetition"]
[WhiteElo "2710"]
[BlackElo "2550"]
[Opening "Giuoco Piano"]
[ECO "C54"]
[NIC "IG.02"]
[Time "16:01:43"]
[PlyCount "60"]
[TimeControl "2700+10"]

1. e4 e5 2. Nf3 Nc6 3. Bc4 Bc5 4. c3 Nf6 5. d3 d6 6. Nbd2 a6 7. Nf1 Be6 8.
Bb3 Bxb3 9. axb3 O-O 10. Be3 Bxe3 11. Nxe3 d5 12. Qc2 Qd7 13. O-O Rad8 14.
b4 dxe4 15. dxe4 Qd3 16. Qxd3 Rxd3 17. Nc4 Nxe4 18. Nfxe5 Nxe5 19. Nxe5 Rd5
20. Ra5 Rfd8 21. Rxd5 Rxd5 22. Nc4 Kf8 23. Re1 Nd6 24. Nxd6 Rxd6 25. Kf1
Rd2 26. Re2 Rd1+ 27. Re1 Rd2 28. Re2 Rd1+ 29. Re1 Rd2 30. Re2 Rd1+ { Game
drawn by repetition } 1/2-1/2

[Event "ICC tourney 2259 (45 10)"]
[Site "Internet Chess Club"]
[Date "2020.12.30"]
[Round "3"]
[White "SuperWJ"]
[Black "e4f5"]
[Result "0-1"]
[ICCResult "White resigns"]
[WhiteElo "1959"]
[BlackElo "2253"]
[Opening "King's Indian: Andersson variation"]
[ECO "E92"]
[NIC "KI.18"]
[Time "16:01:33"]
[PlyCount "72"]
[TimeControl "2700+10"]

1. d4 Nf6 2. c4 g6 3. Nc3 Bg7 4. e4 d6 5. Be2 O-O 6. Nf3 e5 7. dxe5 dxe5 8.
Qxd8 Rxd8 9. Bg5 Nbd7 10. O-O-O Rf8 11. Bxf6 Bxf6 12. Nd5 Bd8 13. h4 Nf6
14. Nxf6+ Bxf6 15. Ng5 a5 16. f3 h6 17. Nh3 Bxh4 18. Ng1 Bg5+ 19. Kb1 Be6
20. Nh3 Be3 21. Rhe1 Rfd8 22. Bd3 Bd4 23. a4 Ra6 24. Kc2 Rad6 25. b3 Bxh3
26. gxh3 Bf2 27. Rf1 Be3 28. Be2 Rd2+ 29. Kc3 R8d4 30. Rxd2 Rxd2 31. Re1
Ra2 32. Rd1 Rxe2 33. Rd7 Bd4+ 34. Kd3 Re3+ 35. Kd2 Rxf3 36. Rxc7 Rxb3 {
White resigns } 0-1

[Event "ICC tourney 2259 (45 10)"]
[Site "Internet Chess Club"]
[Date "2020.12.30"]
[Round "3"]
[White "adchess"]
[Black "Volkov"]
[Result "1/2-1/2"]
[ICCResult "Game drawn by mutual agreement"]
[WhiteElo "1995"]
[BlackElo "2607"]
[Opening "Queen's pawn game"]
[ECO "D04"]
[NIC "QP.08"]
[Time "16:01:41"]
[PlyCount "72"]
[TimeControl "2700+10"]

1. d4 d5 2. Nf3 Nf6 3. e3 c5 4. c4 e6 5. cxd5 exd5 6. Nc3 a6 7. Be2 Nc6 8.
O-O Be6 9. Ne5 Rc8 10. f4 cxd4 11. Nxc6 Rxc6 12. exd4 g6 13. Bd3 Qd7 14.
Qe2 Bg7 15. f5 gxf5 16. Rxf5 O-O 17. Rg5 Bg4 18. Qf2 Bh5 19. Bf5 Qd8 20.
Be3 Bg6 21. Rf1 Kh8 22. Qh4 Re8 23. Bxg6 fxg6 24. Rxg6 Ne4 25. Qxd8 Rxd8
26. Rxc6 bxc6 27. Rf7 Nd6 28. Rc7 Nc4 29. Bf2 Nxb2 30. Rxc6 Nd3 31. Be3 Nb4
32. Rc5 Kg8 33. Ra5 Re8 34. Kf2 Nd3+ 35. Ke2 Nf4+ 36. Kf3 Nxg2 { Game drawn
by mutual agreement } 1/2-1/2